 Dungeon Crawl Stone Soup version 0.28-a0-178-ga708605c5b (webtiles) character file.

Game seed: 3958407193731427086

53 siradein the Ruffian (level 3, -3/36 HPs)
             Began as a Troll Monk on Aug 18, 2021.
             Killed by nerve-wracking pain
             ... invoked by an orc priest
              (9 damage)
             ... on level 3 of the Dungeon.
             The game lasted 00:02:07 (1149 turns).

siradein the Ruffian (Troll Monk)                   Turns: 1149, Time: 00:02:08

Health: -3/36      AC:  4    Str: 20    XL:     3   Next: 64%
Magic:  2/2        EV: 10    Int:  6    God:
Gold:   42         SH:  0    Dex: 12    Spells: 2/2 levels left

rFire   . . .      SeeInvis .     - Unarmed
rCold   . . .      Faith    .   (no shield)
rNeg    . . .      Spirit   .   a - +0 robe
rPois   .          Reflect  .   (helmet restricted)
rElec   .          Harm     .   (no cloak)
rCorr   .          Rampage  .   (gloves unavailable)
Will    .....                   (boots unavailable)
Stlth   +.........              (no amulet)
HPRegen 1.12/turn               (no ring)
MPRegen 0.08/turn               (no ring)

@: confused
A: large, unfitting armour, claws 3, regeneration 1, shaggy fur 1, tough skin 1
a: no special abilities


You were on level 3 of the Dungeon.
You visited 1 branch of the dungeon, and saw 3 of its levels.

You collected 42 gold pieces.

Inventory:

Missiles
 g - 7 atropa-tipped darts (quivered)
Armour
 a - a +0 robe (worn)
Jewellery
 h - an amulet of magic regeneration
Scrolls
 d - a scroll of identify {unknown}
 f - a scroll of magic mapping {unknown}
Potions
 b - 3 potions of brilliance {unknown}
 c - a potion of attraction {unknown}
 e - a potion of heal wounds {unknown}


   Skills:
 - Level 2.4 Fighting
 - Level 2.4 Dodging
 - Level 1.0 Stealth
 + Level 4.7 Unarmed Combat


You had 2 spell levels left.
You didn't know any spells.
Your spell library contained the following spells:

 Spells                   Type           Power      Damage    Failure   Level
 Inner Flame              Hex/Fire       0%         N/A       83%         3
 Cause Fear               Hex            0%         N/A       99%         4
 Discord                  Hex            0%         N/A       100%        8


Dungeon Overview and Level Annotations

Branches:
Dungeon (3/15)

Altars:
Zin


Innate Abilities, Weirdness & Mutations

You are too large for most types of armour.
You have claws for hands.
Your natural rate of healing is unusually fast.
You are covered in fur. (AC +1)
You have tough skin. (AC +1)


Message History

You bump into the rock wall.
The orc wizard hits you with a +0 dagger.
The orc priest closely misses you.
You scratch the orc priest.
The orc priest is lightly wounded.
The orc wizard casts a spell at you. You resist with significant effort.
Something hits you.
The orc priest looks encouraged for a moment.
You barely miss the orc priest.
The orc priest is lightly wounded.
The orc wizard casts a spell at you.
You are more confused.
Something hits you but does no damage.
You barely miss the orc priest.
The orc priest is lightly wounded.
The orc priest hits you with a +0 war axe.
The orc wizard closely misses you. Something hits you.
You closely miss the orc priest.
The orc priest is lightly wounded.
Something hits you.
The orc priest looks braver for a moment.
The orc wizard closely misses you. Something hits you but does no damage.
You miss the orc priest.
The orc priest is lightly wounded.
The orc priest closely misses you.
The orc wizard hits you but does no damage.
Something hits you.
The orc priest calls down the wrath of Beogh upon you.
Beogh smites you!
* * * LOW HITPOINT WARNING * * *
You bump into the rock wall.
Something hits you.
* * * LOW HITPOINT WARNING * * *
The orc priest hits you with a +0 war axe.
* * * LOW HITPOINT WARNING * * *
The orc wizard hits you but does no damage.
You hear some strange, mumbled words.
Something tries to affect you, but you resist.
The orc priest mumbles some strange prayers to Beogh against you.
Pain shoots through your body!
You die...

..#.##. .#_...
........#+##..#..
####
#.......)..#...###
...#
#..........#......
##.#
#..........#......
.#.#
#......<..........
.#.# #...........#
.#.# #.......)oo{#
.#.# ####....@..#
.#.#########......##
.#.##............##
.#...)...........#
.####.......####.#
.# #.......# #.# ##
#.......# #.#
##....### #.. ###
#....#


You could see an orc priest and an orc wizard.

Vanquished Creatures
  2 worms (D:2)
  A dart slug (D:1)
  An orc (D:3)
  4 endoplasms
  3 goblins (D:1)
  4 hobgoblins
  4 jackals (D:2)
  5 kobolds
  5 ball pythons
  3 bats
  5 frilled lizards
  7 rats
44 creatures vanquished.

Vanquished Creatures (others)
  4 plants (D:3)
4 creatures vanquished.

Grand Total: 48 creatures vanquished

Notes
Turn   | Place    | Note
-------+----------+-------------------------------------------
     0 | D:1      | siradein the Troll Monk began the quest for the Orb.
     0 | D:1      | Reached XP level 1. HP: 22/22 MP: 0/0
    97 | D:1      | Reached XP level 2. HP: 29/29 MP: 1/1
   266 | D:1      | Reached skill level 4 in Unarmed Combat
   446 | D:2      | Reached XP level 3. HP: 36/36 MP: 2/2
   496 | D:2      | Found a faded altar of an unknown god.
  1137 | D:3      | Found a glowing silver altar of Zin.
  1149 | D:3      | Killed from afar by an orc priest

Illustrated notes

Levels and vault maps discovered:
D:1:      dpeg_arrival_pond, layout_rooms
D:2:      layout_loops_ring, shapermc_ecumenical_altar_totnotflames
D:3:      layout_basic, lemuel_round_altar, gammafunk_temple_overflow_forgotten,
          minmay_quadrilaterals

Skill      XL: |  1  2 |
---------------+-------+-----
Unarmed Combat | 4 |  4.7
Fighting       | |  2.4
Dodging        | |  2.4
Stealth        | |  1.0

Action                   || total
-------------------------++-------
Melee: Unarmed           ||    85
       Punch             ||     3
 Stab: Sleeping          ||     2
       Distracted        ||     1
Armor: Robe              ||    24
Dodge: Dodged            ||    37

Table legend: (Time is in decaauts)
 A = Elapsed time spent in this place.
 B = Non-inter-level travel time spent in this place.
 C = Inter-level travel time spent in this place.
 D = Time resting spent in this place.
 E = Time spent auto-exploring this place.
 F = Levels seen in this place.
 G = Mean time per level.
                   A        B        C        D        E       F      G
               +--------+--------+--------+--------+--------+-----+--------+
         Total |   1141 |   1105 |     36 |      0 |    875 |   3 |  380.3 |
       Dungeon |   1141 |   1105 |     36 |      0 |    875 |   3 |  380.3 |
               +--------+--------+--------+--------+--------+-----+--------+

Top non-repeatable levels by time:
     D:2: 678 daAuts
     D:1: 347 daAuts
     D:3: 115 daAuts
